 Dungeon Crawl Stone Soup version 0.31-a0-986-g5e6e4ef867 (webtiles) character file.

Game seed: 6426410033074949840

1151 Danienth the Basher (level 8, -7/71 HPs)
             Began as a Meteoran Fighter on Nov 9, 2023.
             Mangled by an ogre
             ... wielding a +0 giant spiked club
              (27 damage)
             ... on level 7 of the Dungeon.
             The game lasted 00:08:07 (1907 turns).

Danienth the Basher (Meteoran Fighter)              Turns: 1907, Time: 00:08:08

Health: -7/71      AC:  9    Str: 17    XL:     8   Next: 97%
Magic:  9/9        EV:  9    Int: 10    God:
Gold:   115        SH:  0    Dex: 16    Spells: 7/7 levels left

rFire   + . .        f - +3 great sword
rCold   + . .        (shield currently unavailable)
rNeg    . . .        b - +1 scale mail
rPois   +            (no helmet)
rElec   +            (no cloak)
rCorr   +            g - +0 pair of gloves
SInv    .            (no boots)
Will    +....        (no amulet) Stlth
                     (no ring)
HPRegen 0.31/turn    (no ring)
MPRegen 0.11/turn

%: no passive effects
@: mighty, resistant, glowing
A: sense surroundings 1, otherworldly, glowing, explore regen
a: no special abilities


You were on level 7 of the Dungeon.
You visited 1 branch of the dungeon, and saw 5 of its levels.

You collected 115 gold pieces.

Inventory:

Hand Weapons
 a - a +0 flail
 f - a +3 great sword (weapon)
 m - a +1 long sword of pain
Armour
 b - a +1 scale mail (worn)
 c - a +0 buckler
 g - a +0 pair of gloves (worn)
 o - +0 steam dragon scales
Wands
 h - a wand of roots (8)
Scrolls
 j - a scroll of immolation
 k - a scroll of fear
 p - a scroll of identify
Potions
 l - a potion of mutation {unknown}
 n - 2 potions of haste {unknown}


   Skills:
 - Level 6.7 Fighting
 * Level 3.4 Long Blades
 - Level 10.1 Maces & Flails
 - Level 3.2 Armour
 - Level 3.2 Shields


You had 7 spell levels left.
You didn't know any spells.
Your spell library contained the following spells:

 Spells                   Type           Power      Damage    Failure   Level
 Static Discharge         Conj/Air       0%         3-3/arc   88%         2
 Inner Flame              Hex/Fire       0%         N/A       98%         3
 Airstrike                Air            0%         2d(0-16)  100%        4
 Flame Wave               Conj/Fire      0%         2d4       100%        4
 Sticky Flame             Conj/Fire      0%         2d3       100%        4
 Summon Lightning Spire   Summ/Air       0%         N/A       100%        4


Dungeon Overview and Level Annotations

Branches:
Dungeon (4/15) Zot: 1049
 Temple: D:4-7

Altars:

Annotations:
D:7 Menkaure


Innate Abilities, Weirdness & Mutations

You passively map a small area around you.
You are easily found by Zot.
You glow in the dark.
You regain HP and MP as you explore.


Message History

The kobold shouts!
Prince Ribbit hits you! Prince Ribbit hits you.
Prince Ribbit blinks!
Aiming: Fastroot
Press: ? - help, Shift-Dir - straight line, f/p - Prince Ribbit
Aim: Prince Ribbit (severely wounded)
The roots erupt in riotous growth!
Roots grab the ogre.
Roots grab Menkaure.
The grasping roots constrict Menkaure.
The grasping roots constrict the ogre!
Menkaure calls on the powers of darkness!
The ogre convulses!
Prince Ribbit convulses!
Your body is wracked with pain!
* * * LOW HITPOINT WARNING * * *
The ogre struggles to escape constriction.
A kobold comes into view. It is wielding a +0 short sword.
You are too injured to fight recklessly!
A kobold comes into view.
It is wielding a +0 flail and quivering poisoned darts.
The grasping roots constrict Menkaure!
The grasping roots constrict the ogre!
The kobold brigand shouts!
The roots release their grip on the ogre.
The ogre hits you with a +0 giant spiked club!
* * * LOW HITPOINT WARNING * * *
A kobold comes into view. It is wielding a +0 short sword.
Menkaure struggles to escape constriction.
The kobold moves out of view.
You feel much better.
The grasping roots constrict Menkaure.
The roots release their grip on Menkaure.
The ogre hits you with a +0 giant spiked club!
You feel protected.
Prince Ribbit hits you but does no damage.
Prince Ribbit closely misses you.
You slash Prince Ribbit!
You kill Prince Ribbit!
Prince Ribbit returns to his original shape as he dies.
The ogre completely misses you.
The kobold brigand hits you with a +0 short sword.
* * * LOW HITPOINT WARNING * * *
Your Long Blades skill gained 3 levels and is now at level 3!
You closely miss the kobold brigand.
The kobold brigand is heavily wounded.
The ogre hits you with a +0 giant spiked club!!
You die...

* , ...# . * ..#
.. , ..# * ...
##.# , , , . ..
..########
...#K###.........,
.....KK#)........
....KMO@.[.......
, *
..##K###.########
, .........#
..##.###.# #.# , ,
,.........# #.# ,
.###.###)# #.#
........# #.# ,
###.###.# #.# ,
,...###.####.#
######


You could see a kobold brigand, an ogre, Menkaure and 4 kobolds.

Vanquished Creatures
  Maggie (D:7)
  Prince Ribbit (D:7)
  The ghost of kaesle the Trooper, an amateur HOFi (D:3)
  A water moccasin (D:7)
  An ice beast (D:7)
  3 wights (D:7)
  2 orc priests (D:7)
  3 orc wizards
  4 adders
  A dart slug (D:3)
  8 orcs
  An endoplasm (D:1)
  4 hobgoblins
  5 jackals
  5 kobolds
  3 quokkas
  3 ball pythons
  A bat (D:1)
  A frilled lizard (D:1)
  2 goblins (D:1)
  3 rats
54 creatures vanquished.

Notes
Turn   | Place    | Note
-------+----------+-------------------------------------------
     0 | D:1      | Danienth the Meteoran Fighter began the quest for the Orb.
     0 | D:1      | Reached XP level 1. HP: 19/19 MP: 2/2
    54 | D:1      | Reached skill level 3 in Maces & Flails
   110 | D:1      | Reached XP level 2. HP: 26/26 MP: 3/3
   486 | D:1      | Glimpsed the power of Zot.
   597 | D:2      | Reached XP level 3. HP: 26/31 MP: 4/4
   831 | D:2      | Reached skill level 4 in Maces & Flails
  1018 | D:3      | Reached XP level 4. HP: 40/40 MP: 5/5
  1207 | D:3      | Reached skill level 5 in Maces & Flails
  1389 | D:3      | Reached XP level 5. HP: 46/46 MP: 6/6
  1411 | D:3      | Found a runed translucent door.
  1413 | D:3      | Noticed kaesle's ghost (amateur HOFi)
  1461 | D:3      | Killed kaesle's ghost
  1462 | D:3      | Reached skill level 6 in Maces & Flails
  1462 | D:3      | Reached XP level 6. HP: 42/55 MP: 7/7
  1634 | D:4      | Reached skill level 5 in Fighting
  1653 | D:4      | You fall into a shaft and drop 3 floors!
  1707 | D:7      | Noticed a water moccasin
  1721 | D:7      | Killed a water moccasin
  1722 | D:7      | Reached skill level 7 in Maces & Flails
  1722 | D:7      | Reached XP level 7. HP: 41/61 MP: 8/8
  1744 | D:7      | Noticed Maggie
  1761 | D:7      | Killed Maggie
  1762 | D:7      | Reached skill level 8 in Maces & Flails
  1762 | D:7      | Reached XP level 8. HP: 66/70 MP: 9/9
  1834 | D:7      | Reached skill level 9 in Maces & Flails
  1880 | D:7      | Noticed Prince Ribbit
  1885 | D:7      | Reached skill level 10 in Maces & Flails
  1896 | D:7      | Noticed Menkaure
  1906 | D:7      | Killed Prince Ribbit
  1907 | D:7      | Mangled by an ogre

Illustrated notes

Levels and vault maps discovered:
D:1:      tarquinn_simple_flora_water_b, layout_loops_ring,
          serial_bayou_lagoon_a
D:2:      layout_rooms
D:3:      layout_rooms, gammafunk_ghost_grave, minmay_bisected
D:4:      layout_gridville, grunt_temple_overflow_champion_of_chaos,
          lemuel_round_altar, temple_fountains, uniq_natasha,
          uniq_blork_the_orc, uniq_grinder
D:7:      layout_basic, serial_co_window_serial, co_window_corner_a,
          co_window_corner_a, co_window_corner_a, co_window_of_opportunity_a,
          co_window_of_opportunity_a, co_window_paths_a, co_window_cross_1,
          co_window_broadway_c, co_window_cross_3, co_window_broadway_c,
          co_window_corner_cb, co_window_of_opportunity_c, co_window_2corner,
          glass_columns_a, glass_columns_a, uniq_menkaure, uniq_prince_ribbit1,
          uniq_maggie

Skill      XL: |  1  2  3  4  5  6  7  8 |
---------------+-------------------------+-----
Maces & Flails | 3 4 5 6 7 8 10 | 10.1
Fighting       | 4 5 6 |  6.7
Long Blades    | 3 |  3.4
Armour         | |  3.2
Shields        | |  3.2

Action                     |  1- 3 |  4- 6 |  7- 9 || total
---------------------------+-------+-------+-------++-------
  Melee: Flail             |    82 |    72 |    60 ||   214
         Great sword       |       |       |     8 ||     8
  Evoke: Wand              |       |     3 |     9 ||    12
    Use: Scroll            |     4 |     5 |       ||     9
         Potion            |       |     1 |     3 ||     4
   Stab: Paralysed         |       |     6 |    16 ||    22
 Armour: Scale mail        |    58 |    52 |    28 ||   138
  Dodge: Dodged            |    54 |    21 |    20 ||    95
  Block: Buckler           |    27 |    14 |     5 ||    46

Table legend: (Time is in decaauts)
 A = Elapsed time spent in this place.
 B = Non-inter-level travel time spent in this place.
 C = Inter-level travel time spent in this place.
 D = Time resting spent in this place.
 E = Time spent auto-exploring this place.
 F = Levels seen in this place.
 G = Mean time per level.
                   A        B        C        D        E       F      G
               +--------+--------+--------+--------+--------+-----+--------+
         Total |   1948 |   1847 |    101 |     99 |   1280 |   5 |  389.6 |
       Dungeon |   1948 |   1847 |    101 |     99 |   1280 |   5 |  389.6 |
               +--------+--------+--------+--------+--------+-----+--------+

Top non-repeatable levels by time:
     D:3: 559 daAuts
     D:1: 528 daAuts
     D:2: 505 daAuts
     D:7: 260 daAuts
     D:4: 95 daAuts
